 Dungeon Crawl Stone Soup version 0.25-a0-589-g1e14c549ee (webtiles) character file.

Game seed: 15682738843405549465, levelgen mode: deterministic

3817 Gargoyl the Cleaver (level 9, -8/111 HPs)
             Began as a Centaur Abyssal Knight on Mar 11, 2020.
             Was an Elder of Lugonu.
             Mangled by an orc warrior
             ... wielding a +0 war axe
              (17 damage)
             ... in a bailey.
             The game lasted 00:13:01 (7955 turns).

Gargoyl the Cleaver (Centaur Abyssal Knight)        Turns: 7955, Time: 00:13:01

Health: -8/111     AC: 28    Str: 16 (17) XL:     9   Next: 97%
Magic:  10/13      EV:  1    Int: 10 (11) God:    Lugonu [****..]
Gold:   590        SH:  0    Dex:  7 (10) Spells: 8/8 levels left

rFire    . . .     SeeInvis .   d - +1 broad axe (flame)
rCold    . . .     Gourm    .   (no shield)
rNeg     + + +     Faith    .   (armour currently unavailable)
rPois    +         Spirit   .   (helmet currently unavailable)
rElec    .         Reflect  .   (cloak currently unavailable)
rCorr    .         Harm     .   (gloves currently unavailable)
MR       .....     NoTele   +   (no barding)
Stlth    +.........             (no amulet)
HPRegen  0.28/turn              e - +4 ring of protection
MPRegen  0.13/turn              i - +3 ring of evasion

@: mighty, tree-form
A: large
a: Depart the Abyss, Bend Space, Banish, Corrupt, Renounce Religion


You were in a bailey.
You worshipped Lugonu.
Lugonu was greatly pleased with you.
You were hungry.
You were a tree.
You visited 1 branch of the dungeon, and saw 7 of its levels.
You visited the Abyss 3 times.
You also visited: Bailey.

You collected 590 gold pieces.

Inventory:

Hand Weapons
 a - a +1 hand axe
 d - a +1 broad axe of flaming (weapon)
Missiles
 l - 4 javelins (quivered)
 u - 7 boomerangs of dispersal
Armour
 g - a +0 pair of gloves (melded)
 v - a cursed +0 cloak (melded)
 x - a +0 plate armour (melded)
 y - a +0 cloak
Jewellery
 e - a +4 ring of protection (left branch)
 i - a +3 ring of evasion (right branch)
Wands
 j - a wand of iceblast (5)
Scrolls
 f - 2 scrolls of identify
 h - 2 scrolls of remove curse
 o - a scroll of teleportation
 p - a scroll of blinking
 w - a scroll of enchant weapon {unknown}
Potions
 k - 2 potions of stabbing
 m - 3 potions of lignification
 n - a potion of might
 q - 2 potions of flight
 s - a potion of brilliance
 t - 2 potions of haste
Comestibles
 c - 10 rations
 z - 3 chunks of flesh


   Skills:
 + Level 5.3 Fighting
 + Level 8.0 Axes
 + Level 1.1 Throwing
 * Level 5.2 Armour
 * Level 4.4 Dodging
 * Level 6.3 Invocations
 + Level 0.4 Evocations


You had 8 spell levels left.
You didn't know any spells.
Your spell library contained the following spells:

 Spells                   Type           Power        Failure   Level  Hunger
 Corona                   Hex            #......      36%         1    ##.....


Dungeon Overview and Level Annotations

Branches:
Dungeon (7/15)             Temple (0/1) D:4          Bailey (1/1)

Altars:
Cheibriados
Elyvilon
Fedhas
Gozag
Hepliaklqana
Nemelex Xobeh
Sif Muna
Vehumet
Xom
Zin
The Shining One

Portals:
Abyss: D:4


Innate Abilities, Weirdness & Mutations

((You have hooves in place of feet.))
((Armour fits poorly on your strangely shaped body.))
((You cover ground very quickly.))
((You have extremely tough skin. (AC +3)))


Message History

You kill the orc warrior!
Lugonu accepts your kill.
Your Axes skill increases to level 8!
You miss the orc warrior.
The orc warrior hits you with a +0 war axe!
* * * LOW HITPOINT WARNING * * *
Really quaff the potion of lignification? [Y]es or [N]o only, please.
Really quaff the potion of lignification? [Y]es or [N]o only, please.
Really quaff the potion of lignification?
Okay, then.
You feel better.
The orc warrior hits you with a +0 war axe.
* * * LOW HITPOINT WARNING * * *
It was a potion of degeneration.
There was something very wrong with that liquid.
You feel weakened.
You feel dopey.
You feel clumsy.
The orc warrior hits you with a +0 war axe!
You die...

.### ###.### ...###
###.....###
.....###.........##
.....)#...........#
......)...........#
⌠....)#.....⌠.....#
......#...........#
......#...........#
.....###.......)♣##
...### ###.....#o#
.### ###.###gg ##
### .oo. # ..... #
....... # ....⌠...
# 8......... #


You could see an orc warrior, 2 orcs, a hobgoblin and a goblin.

Vanquished Creatures
  The ghost of Lentor the Cudgeler, a novice DsFi of Qazlal (D:4)
  5 yaks (D:4)
  2 orc warriors (Bailey)
  2 phantoms
  2 sky beasts
  A necrophage (D:7)
  2 ice beasts
  3 ogres
  4 centaurs
  A scorpion (D:4)
  A howler monkey (D:6)
  2 small abominations (D:4)
  3 crimson imps
  A bullfrog skeleton (D:4)
  An iron imp (Abyss:1)
  A centaur skeleton (D:5)
  3 hounds
  5 orc wizards
  Jessica (D:3)
  An iguana (D:6)
  4 worker ants
  2 killer bee zombies (D:7)
  2 hound zombies
  A hound skeleton (D:4)
  5 gnolls (Bailey)
  10 adders
  A shadow imp (D:6)
  2 adder skeletons
  6 dart slugs
  10 leopard geckos
  27 orcs
  A ball python (D:1)
  10 bats
  7 giant cockroaches
  12 goblins
  19 hobgoblins
  12 jackals
  7 kobolds
  5 quokkas
  4 frilled lizards
  A quokka skeleton (D:7)
  10 rats
200 creatures vanquished.

Vanquished Creatures (others)
  An orc knight (Bailey)
1 creature vanquished.

Grand Total: 201 creatures vanquished

Notes
Turn   | Place    | Note
-------+----------+-------------------------------------------
     0 | Abyss:1  | Gargoyl the Centaur Abyssal Knight began the quest for the
                  | Orb.
     0 | Abyss:1  | Reached XP level 1. HP: 19/19 MP: 2/2
    42 | Abyss:1  | Found a corrupted altar of Lugonu.
    64 | Abyss:1  | Noticed a chaos spawn
    71 | Abyss:1  | Noticed a starcursed mass
    86 | Abyss:1  | Noticed a quasit
   111 | Abyss:2  | Noticed a green draconian
   113 | D:1      | Escaped the Abyss
   429 | D:1      | Reached XP level 2. HP: 26/26 MP: 3/3
   439 | D:1      | Reached * piety under Lugonu
   489 | D:1      | Reached skill level 2 in Axes
   629 | D:1      | Reached skill level 1 in Dodging
   650 | D:1      | Reached XP level 3. HP: 28/31 MP: 4/4
   949 | D:2      | Found a glowing golden altar of the Shining One.
   950 | D:2      | Found a radiant altar of Vehumet.
   950 | D:2      | Found a shimmering blue altar of Sif Muna.
   952 | D:2      | Found a glowing silver altar of Zin.
   952 | D:2      | Found a white marble altar of Elyvilon.
   999 | D:2      | Reached XP level 4. HP: 36/38 MP: 4/6
  1009 | D:2      | Reached ** piety under Lugonu
  1124 | D:2      | Found a blossoming altar of Fedhas.
  1659 | D:3      | Found a shimmering blue altar of Sif Muna.
  1684 | D:3      | Reached skill level 3 in Axes
  1736 | D:3      | Reached XP level 5. HP: 37/45 MP: 7/7
  1739 | D:3      | Identified Sif Muna's Handbook of Beguiling
  1920 | D:4      | Noticed a yak
  1920 | D:4      | Noticed a yak
  1920 | D:4      | Noticed a yak
  1923 | D:4      | Noticed a yak
  1925 | D:4      | Noticed a yak
  1935 | D:4      | Killed a yak
  1935 | D:4      | Reached XP level 6. HP: 51/51 MP: 8/8
  1944 | D:4      | Killed a yak
  1944 | D:4      | Reached skill level 4 in Axes
  1954 | D:4      | HP: 2/52 [yak (13)]
  1974 | D:5      | Entered Level 5 of the Dungeon
  2356 | D:5      | Reached XP level 7. HP: 55/58 MP: 9/9
  2662 | D:5      | Found a sparkling altar of Nemelex Xobeh.
  3199 | D:5      | Reached *** piety under Lugonu
  3538 | D:3      | Reached skill level 5 in Axes
  3538 | D:3      | Reached XP level 8. HP: 47/66 MP: 11/11
  3575 | D:3      | Found a snail-covered altar of Cheibriados.
  3891 | D:4      | Found a hazy altar of Hepliaklqana.
  3892 | D:4      | Found a shimmering altar of Xom.
  3893 | D:4      | Noticed a spectral ugly thing
  3982 | D:4      | Found a staircase to the Ecumenical Temple.
  4586 | D:3      | Noticed Jessica
  4588 | D:3      | Killed Jessica
  4748 | D:4      | Reached skill level 5 in Invocations
  4838 | D:4      | Found an opulent altar of Gozag.
  4841 | D:4      | Reached skill level 6 in Axes
  4889 | D:4      | Found a transporter.
  5013 | D:4      | Noticed Lentor's ghost (novice DsFi)
  5021 | D:4      | Found a transporter.
  5024 | D:4      | Found a one-way gate to the infinite horrors of the Abyss.
  5385 | D:4      | Killed Lentor's ghost
  5385 | D:4      | Reached XP level 9. HP: 57/72 MP: 12/12
  5479 | D:4      | Voluntarily entered the Abyss.
  5517 | Abyss:1  | Noticed a starcursed mass
  5522 | Abyss:1  | Noticed a large abomination
  5552 | D:4      | Escaped the Abyss
  5647 | D:4      | Voluntarily entered the Abyss.
  5743 | D:4      | Escaped the Abyss
  6981 | D:7      | Reached skill level 5 in Fighting
  6981 | D:7      | Reached skill level 7 in Axes
  6981 | D:7      | Reached skill level 5 in Armour
  7140 | D:7      | Reached skill level 1 in Throwing
  7235 | D:7      | Reached **** piety under Lugonu
  7436 | D:7      | Found a flagged portal.
  7448 | Bailey   | Entered a bailey
  7927 | Bailey   | Noticed an orc knight
  7946 | Bailey   | Banished an orc knight
  7951 | Bailey   | HP: 5/111 [orc warrior/+0 war axe (17)]
  7953 | Bailey   | Reached skill level 8 in Axes
  7955 | Bailey   | Mangled by an orc warrior

Levels and vault maps discovered:
D:1:      co_arrival_hexagon_in_a_hexagon, layout_basic, lemuel_old_faithful
D:2:      layout_loops_ring, nicolae_overflow_hidden_temple,
          grunt_temple_overflow_open, first_ration, minmay_quantized
D:3:      minmay_door_path, layout_basic, old_standard_altar, led_sif_book,
          uniq_jessica
D:4:      layout_loops_corners, regret_index_temple_of_mockery,
          nicolae_gozag_seed_capital, minmay_temple_entry_mist,
          gammafunk_ghost_abyssal_escape
D:5:      layout_gridville, nemelex_xobeh_ov_fountains_minmay
D:6:      layout_loops_ring
D:7:      layout_rooms, marbit_many_paths, enter_bailey_2,
          kennysheep_windowed_goal
Bailey:   bailey_axe_minmay_hex_keep, bailey

Skill      XL: |  1  2  3  4  5  6  7  8  9 |
---------------+----------------------------+-----
Axes           | 2 3 4 5 6 8 |  8.0
Dodging        | 1 2 3 4 |  4.4
Armour         | 2 3 4 5 |  5.2
Invocations    | 3 4 5 6 |  6.3
Fighting       | 4 5 |  5.3
Throwing       | 1 |  1.1
Evocations     | |  0.4

Action                   |  1- 3 |  4- 6 |  7- 9 || total
-------------------------+-------+-------+-------++-------
Melee: Broad axe         |    67 |   103 |   393 ||   563
       Kick              |     8 |    12 |    75 ||    95
Throw: Javelin           |       |       |    12 ||    12
Invok: Depart the Abyss  |     1 |       |     2 ||     3
       Bend Space        |       |     1 |       ||     1
       Banish            |       |       |     1 ||     1
Evoke: Wand              |       |       |     7 ||     7
  Use: Scroll            |     4 |     1 |     7 ||    12
       Potion            |       |     5 |     6 ||    11
  Eat: Chunk             |       |     3 |     9 ||    12
       Ration            |       |       |     2 ||     2
Armor: Leather armour    |    61 |    45 |       ||   106
       Skin              |       |    22 |    10 ||    32
       Ring mail         |       |     9 |    15 ||    24
       Chain mail        |       |       |   114 ||   114
       Plate armour      |       |       |   128 ||   128
Dodge: Dodged            |    68 |    61 |   181 ||   310

Table legend:
 A = Non-vault XP
 B = Vault XP
 C = Vault XP percentage of total XP
 D = Non-vault monster count
 E = Vault monster count
 F = Vault count percentage of total count
                 A         B        C        D         E       F
            +---------+---------+-------+---------+---------+-------
      Total |    4002 |    1452 |  26.6 |     159 |      42 |  20.9
            +---------+---------+-------+---------+---------+-------
        D:1 |      49 |       0 |   0.0 |      28 |       0 |   0.0
        D:2 |      79 |       5 |   6.0 |      22 |       4 |  15.4
        D:3 |     184 |     116 |  38.7 |      16 |       6 |  27.3
        D:4 |    1331 |     503 |  27.4 |      28 |       4 |  12.5
        D:5 |     612 |       0 |   0.0 |      20 |       0 |   0.0
        D:6 |     506 |       0 |   0.0 |      21 |       0 |   0.0
        D:7 |    1198 |      48 |   3.9 |      23 |       1 |   4.2
    Abyss:1 |      43 |       0 |   0.0 |       1 |       0 |   0.0
     Bailey |       0 |     780 | 100.0 |       0 |      27 | 100.0
            +---------+---------+-------+---------+---------+-------
